 Dungeon Crawl Stone Soup version 0.31-a0-832-g3a2c1c66ba (webtiles) character file.

Game seed: 15293577961235980847

6207 Essalna the Geomancer (level 10, -1/65 HPs)
             Began as a Gargoyle Earth Elementalist on Sept 25, 2023.
             Was an Initiate of Vehumet.
             Slain by a polar bear (4 damage)
             ... on level 1 of the Lair of Beasts.
             The game lasted 00:15:26 (8333 turns).

Essalna the Geomancer (Gargoyle Earth Elementalist) Turns: 8333, Time: 00:15:27

Health: -1/65      AC: 12    Str: 12    XL:     10   Next: 92%
Magic:  11/16      EV: 12    Int: 20    God:    Vehumet [......]
Gold:   432        SH:  0    Dex: 10    Spells: 3/17 levels left

rFire   . . .        i - staff of earth
rCold   + . .        (no shield)
rNeg    + . .        B - +1 robe {rC+}
rPois   ∞            p - +0 helmet
rElec   +            (no cloak)
rCorr   .            (no gloves)
SInv    .            d - +0 pair of boots
Will    .....        (no amulet)
Stlth   ++           (no ring)
HPRegen 0.30/turn    (no ring)
MPRegen 0.15/turn

%: no passive effects
@: no status effects
A: sickness immunity, AC +7, negative energy resistance 1, electricity
resistance, torment resistance 1, petrification resistance
a: Renounce Religion


You were on level 1 of the Lair of Beasts.
You worshipped Vehumet.
Vehumet was noncommittal.
You visited 3 branches of the dungeon, and saw 10 of its levels.
You also visited: Sewer.

You collected 502 gold pieces.
You spent 70 gold pieces at shops.

Inventory:

Hand Weapons
 l - a +2 dagger of venom
Missiles
 A - a throwing net
Armour
 a - a +0 robe
 d - a +0 pair of boots (worn)
 p - a +0 helmet (worn)
 B - a +1 robe of cold resistance (worn)
 C - a +2 robe of willpower
Magical Staves
 i - a staff of earth (weapon)
Wands
 o - a wand of paralysis (10)
 w - a wand of flame (26)
 y - a wand of iceblast (7)
Scrolls
 g - a scroll of immolation
 j - 2 scrolls of poison {unknown}
 k - 2 scrolls of fog
 q - 2 scrolls of enchant weapon {unknown}
 s - 3 scrolls of amnesia {unknown}
 t - 2 scrolls of enchant armour {unknown}
 u - 3 scrolls of identify {unknown}
 v - 3 scrolls of teleportation
 z - a scroll of noise {unknown}
Potions
 b - a potion of magic
 c - a potion of haste {unknown}
 e - 2 potions of curing
 f - a potion of might {unknown}
 h - a potion of ambrosia {unknown}
 m - 3 potions of enlightenment
 n - 2 potions of lignification {unknown}
 r - 6 potions of heal wounds
 x - 2 potions of attraction {unknown}


   Skills:
 + Level 8.8 Fighting
 + Level 3.4 Armour
 + Level 3.1 Dodging
 - Level 2.1 Stealth
 - Level 4.1 Spellcasting
 + Level 8.2 Conjurations
 - Level 2.0 Transmutations
 + Level 3.0 Fire Magic
 + Level 2.3 Ice Magic
 + Level 1.8 Air Magic
 - Level 10.5 Earth Magic


You had 3 spell levels left.
You knew the following spells:

 Your Spells              Type           Power      Damage    Failure   Level
a - Sandblast             Erth           100%       2d20      1%          1
b - Stone Arrow           Conj/Erth      100%       3d13      1%          3
c - Fireball              Conj/Fire      13%        3d7       34%         5
d - Freezing Cloud        Conj/Ice/Air   10%        6-21      54%         5

Your spell library contained the following spells:

 Spells                   Type           Power      Damage    Failure   Level
 Passwall                 Tmut/Erth      35%        N/A       1%          2
 Momentum Strike          Conj/Tloc      40%        3d9       3%          2
 Hailstorm                Conj/Ice       25%        3d7       4%          3
 Necrotise                Necr           16%        1d4       13%         1
 Lesser Beckoning         Tloc           8%         N/A       19%         2
 Ignite Poison            Fire/Tmut/Pois 10%        N/A       19%         3
 Gell's Gravitas          Tloc           4%         N/A       36%         3
 Teleport Other           Tloc           4%         N/A       36%         3
 Vampiric Draining        Necr           4%         2d6       36%         3
 Brom's Barrelling Bould  Conj/Erth      58%        2d7       2%          4
 Petrify                  Tmut/Erth      43%        N/A       10%         4
 Agony                    Necr           4%         N/A       98%         5
 Orb of Destruction       Conj           18%        9d8       98%         7
 Lehudib's Crystal Spear  Conj/Erth      29%        10d8      100%        8


Dungeon Overview and Level Annotations

Branches:
Dungeon (8/15)             Temple (1/1) D:7            Lair (1/5) D:8
  Sewer (visited)

Altars:
Ashenzari
Cheibriados
Dithmenos
Elyvilon
Fedhas
Gozag
Hepliaklqana
Kikubaaqudgha
Makhleb
Nemelex Xobeh
Okawaru
Qazlal
Ru
Sif Muna
Trog
Uskayaw
Vehumet
Wu Jian
Zin
The Shining One

Shops:
D:3 !   D:5 (   D:6 =:

Annotations:
D:6 1 runed translucent door
Lair:1 2 transporters, exclusion: ice statue, Tinttamiau's ghost, journeyman DjFE


Innate Abilities, Weirdness & Mutations

You are immune to sickness and miasma.
Your stone body is resilient. (AC +7)
You are immune to poison.
You resist negative energy. (rN+)
You are resistant to electric shocks. (rElec)
You are resistant to unholy torment.
You are immune to petrification.


Message History

You feel a surge of power!
The blast of sand hits the polar bear!
The polar bear is almost dead.
The polar bear closely misses you. The polar bear barely misses you.
The polar bear claws you but does no damage.
The polar bear bites you!
The polar bear claws you but does no damage. x2
The polar bear bites you!!
The polar bear claws you but does no damage.
The polar bear closely misses you.
You are too injured to fight recklessly!
You are too injured to fight recklessly!
You are too injured to fight recklessly!
Casting: Sandblast (safe; 1% risk of failure)
Confirm with . or Enter, or press ? or * to list all spells.
Aiming: Sandblast (safe; 1% risk of failure)
Press: ? - help, Shift-Dir - straight line, f/p - polar bear
Aim: a polar bear (almost dead, berserk, 89% to hit)
You feel a surge of power!
The blast of sand hits the polar bear but does no damage.
The polar bear is almost dead.
The polar bear bites you!!
* * * LOW HITPOINT WARNING * * *
The polar bear barely misses you.
The polar bear claws you but does no damage.
The polar bear barely misses you. The polar bear closely misses you.
The polar bear claws you but does no damage.
Casting: Sandblast (safe; 1% risk of failure)
Confirm with . or Enter, or press ? or * to list all spells.
Aiming: Sandblast (safe; 1% risk of failure)
Press: ? - help, Shift-Dir - straight line, f/p - polar bear
Aim: a polar bear (almost dead, berserk, 89% to hit)
You feel a surge of power!
The blast of sand hits the polar bear.
The polar bear is almost dead.
The polar bear bites you but does no damage.
The polar bear claws you.
* * * LOW HITPOINT WARNING * * *
The polar bear claws you.
* * * LOW HITPOINT WARNING * * *
The polar bear bites you.
You die...

.#.....###.#
............ ..#
...P##.....# ..#
...###.....### #.#
............ ....#
##.###..#... .#.##
............ .l.
####.####.#P #h##
####..###.######@.#
.................##
....##.##.#......##
..................#
#.##.#.##.#.###..##
.................#
.#.#..###........#
..................#
.####..##.##..##.##


You could see a polar bear (berserk) and a basilisk.

Vanquished Creatures
  Pikel (D:7)
  2 cane toads (Lair:1)
  2 komodo dragons (Lair:1)
  5 yaks (D:6)
  A human (D:8)
  A vampire mosquito (D:6)
  Edmund (D:4)
  3 water moccasins
  2 orc warriors
  A sky beast (D:7)
  3 ice beasts
  2 black bears
  A centaur (D:6)
  2 ogres
  3 kobold brigands
  4 lemures (D:7)
  3 phantoms
  3 bullfrogs
  8 scorpions (D:6)
  3 wights (D:8)
  A howler monkey (D:6)
  4 orc priests
  2 hounds
  3 gnoll boudas
  2 jellies
  3 iguanas
  5 orc wizards
  Natasha (thrice) (D:3)
  Robin (D:2)
  15 gnolls
  7 adders
  3 river rats
  2 shadow imps
  2 white imps
  4 ufetubi
  A worm (D:2)
  4 dart slugs
  17 orcs
  3 bats
  5 endoplasms
  7 giant cockroaches
  17 goblins
  10 hobgoblins
  7 jackals
  11 kobolds
  6 quokkas
  13 ball pythons
  2 frilled lizards
  5 rats
  A spectral hobgoblin (D:3)
217 creatures vanquished.

Notes
Turn   | Place    | Note
-------+----------+-------------------------------------------
     0 | D:1      | Essalna the Gargoyle Earth Elementalist began the quest for
                  | the Orb.
     0 | D:1      | Reached XP level 1. HP: 10/10 MP: 3/3
    55 | D:1      | Reached skill level 1 in Transmutations
   105 | D:1      | Reached XP level 2. HP: 15/15 MP: 0/5
   230 | D:1      | Reached skill level 4 in Earth Magic
   405 | D:1      | Reached XP level 3. HP: 19/19 MP: 0/6
  1082 | D:2      | Noticed Robin
  1117 | D:3      | Reached XP level 4. HP: 11/24 MP: 0/8
  1204 | D:3      | Noticed Natasha
  1208 | D:3      | Killed Natasha
  1726 | D:2      | Killed Robin
  1727 | D:2      | Reached XP level 5. HP: 24/28 MP: 1/9
  1816 | D:2      | Reached skill level 5 in Earth Magic
  2202 | D:3      | Found a faded altar of an unknown god.
  2344 | D:3      | Found Ukiro's Distillery.
  2349 | D:3      | Bought a potion of heal wounds for 70 gold pieces
  2385 | D:3      | Identified the +0 robe of Jexuit {rElec rPois Regen+}
  2413 | D:3      | Noticed Natasha
  2415 | D:3      | Killed Natasha
  2467 | D:3      | Noticed Natasha
  2504 | D:3      | Killed Natasha
  2881 | D:4      | Noticed a phantom
  2893 | D:4      | Killed a phantom
  2894 | D:4      | Reached XP level 6. HP: 31/32 MP: 6/12
  2905 | D:4      | Found a glowing drain.
  2911 | D:4      | Reached skill level 6 in Earth Magic
  2916 | Sewer    | Entered a sewer
  2931 | Sewer    | Learned a level 3 spell: Stone Arrow
  3053 | Sewer    | Reached skill level 1 in Fighting
  3057 | Sewer    | Reached XP level 7. HP: 38/40 MP: 5/13
  3148 | Sewer    | Found a white marble altar of Elyvilon.
  3213 | D:4      | Identified the +0 robe of the Scribe {rF- rC+ rCorr}
  3214 | D:4      | Noticed Edmund
  3243 | D:4      | Killed Edmund
  3244 | D:4      | Reached skill level 1 in Conjurations
  3244 | D:4      | Reached skill level 7 in Earth Magic
  3507 | D:4      | Found a shadowy altar of Dithmenos.
  3878 | D:5      | Entered Level 5 of the Dungeon
  3969 | D:5      | Reached XP level 8. HP: 48/48 MP: 11/14
  4134 | D:5      | Reached skill level 8 in Earth Magic
  4248 | D:5      | Reached skill level 5 in Fighting
  4390 | D:5      | Found a shimmering blue altar of Sif Muna.
  4592 | D:5      | Found a burning altar of Makhleb.
  4790 | D:5      | Found Xasseik's Weapon Shop.
  5112 | D:6      | Reached skill level 5 in Conjurations
  5212 | D:6      | Found Ygraptatt's Jewellery Emporium.
  5302 | D:6      | Found a runed translucent door.
  5316 | D:6      | Found a runed translucent door.
  5323 | D:6      | Reached XP level 9. HP: 55/55 MP: 13/15
  5379 | D:6      | Reached skill level 9 in Earth Magic
  5694 | D:6      | Found Geofir's Book Shoppe.
  5884 | D:6      | Reached skill level 10 in Earth Magic
  6122 | D:7      | Reached XP level 10. HP: 53/64 MP: 10/16
  6245 | D:7      | Identified a scroll of acquirement
  6245 | D:7      | Acquired Essalna's Catalogue of Smouldering Hurting
  6255 | D:7      | Learned a level 5 spell: Fireball
  6300 | D:6      | Reached skill level 1 in Armour
  6463 | D:6      | Reached skill level 1 in Fire Magic
  6728 | D:7      | Found a staircase to the Ecumenical Temple.
  6745 | Temple   | Entered the Ecumenical Temple
  6769 | Temple   | Became a worshipper of Vehumet
  6841 | D:7      | Noticed Pikel
  6951 | D:7      | Found an iron altar of Okawaru.
  6960 | D:7      | Learned a level 5 spell: Freezing Cloud
  7167 | D:7      | Killed Pikel
  7257 | D:7      | Found a bloodstained altar of Trog.
  7266 | D:7      | Found an opulent altar of Gozag.
  7410 | D:8      | Reached skill level 1 in Ice Magic
  7464 | D:8      | Found a staircase to the Lair.
  7474 | D:8      | Reached skill level 1 in Air Magic
  7480 | Lair:1   | Entered Level 1 of the Lair of Beasts
  7595 | Lair:1   | Found a sparkling altar of Nemelex Xobeh.
  7650 | Lair:1   | Found a transporter.
  7650 | Lair:1   | Noticed a cane toad
  7726 | Lair:1   | Noticed a cane toad
  7731 | Lair:1   | Noticed a cane toad
  7732 | Lair:1   | Killed a cane toad
  7737 | Lair:1   | Killed a cane toad
  7827 | Lair:1   | Noticed Tinttamiau's ghost (journeyman DjFE)
  7828 | Lair:1   | Noticed a catoblepas
  7828 | Lair:1   | Noticed a black mamba
  7986 | Lair:1   | Found a transporter.
  8002 | Lair:1   | Noticed an ice statue
  8333 | Lair:1   | HP: 3/65 [polar bear (6)]
  8333 | Lair:1   | Slain by a polar bear

Illustrated notes

Levels and vault maps discovered:
D:1:      dpeg_arrival_tiny_i, layout_rooms
D:2:      layout_loops_corners, uniq_robin
D:3:      layout_basic, dreamdust_ecumenical_altar_drowned_temple, serial_shops,
          nicolae_shop_peninsula, uniq_natasha
D:4:      layout_basic, mainiacjoe_overflow_brackets, portal_sewer_entry_a,
          glass_columns_a, uniq_edmund
D:5:      layout_basic, makhleb_heckhound_becter, led_sif_pool, serial_shops,
          nicolae_shop_back_alley_shop
D:6:      lemuel_insect_pit, layout_loops_ring, serial_shops, shop,
          nicolae_shop_advertising_works [nicolae_subvault_shop_adworks],
          minmay_holes, kennysheep_doodads, supply_closet_lemuel
D:7:      layout_rooms, okawaru_ov_weapons_minmay, mainiacjoe_overflow_swirl,
          minmay_temple_entry_sparse_star, uniq_pikel
D:8:      layout_basic, nicolae_yredelemnul_corpse_copse, lair_entry_dummy,
          dreamdust_princess_corridor, minmay_ruffians
Temple:   minmay_temple_curvy_branch
Lair:1:   layout_long_grid, nzn_ghost_randoct, basic_altar, serial_bayou_pond_a,
          serial_bayou_crossing

Skill      XL: |  1  2  3  4  5  6  7  8  9 10 |
---------------+-------------------------------+-----
Transmutations | 1 2 |  2.0
Earth Magic    | 4 5 6 7 8 10 | 10.5
Spellcasting   | 3 4 |  4.1
Fighting       | 2 4 5 7 8 |  8.8
Conjurations   | 2 5 7 8 |  8.2
Armour         | 3 |  3.4
Fire Magic     | 3 |  3.0
Dodging        | 3 |  3.1
Ice Magic      | 2 |  2.3
Air Magic      | 1 |  1.8
Stealth        | |  2.1

Action                     |  1- 3 |  4- 6 |  7- 9 | 10-12 || total
---------------------------+-------+-------+-------+-------++-------
  Melee: Unarmed           |    11 |       |       |       ||    11
         Staff             |    16 |     4 |    11 |       ||    31
         Punch             |     1 |       |       |       ||     1
   Cast: Sandblast         |    53 |    70 |   160 |   106 ||   389
         Stone Arrow       |       |       |     3 |     2 ||     5
    Use: Scroll            |       |     5 |       |     3 ||     8
 Armour: Robe              |    33 |    24 |    68 |    71 ||   196
  Dodge: Dodged            |    34 |    15 |    62 |    59 ||   170

Table legend: (Time is in decaauts)
 A = Elapsed time spent in this place.
 B = Non-inter-level travel time spent in this place.
 C = Inter-level travel time spent in this place.
 D = Time resting spent in this place.
 E = Time spent auto-exploring this place.
 F = Levels seen in this place.
 G = Mean time per level.
                   A        B        C        D        E       F      G
               +--------+--------+--------+--------+--------+-----+--------+
         Total |   8564 |   8291 |    273 |      0 |   6983 |  11 |  778.5 |
       Dungeon |   7347 |   7140 |    207 |      0 |   5978 |   8 |  918.4 |
        Temple |     46 |      8 |     38 |      0 |      0 |   1 |   46.0 |
          Lair |    866 |    838 |     28 |      0 |    752 |   1 |  866.0 |
         Sewer |    303 |    303 |      0 |      0 |    252 |   1 |  303.0 |
               +--------+--------+--------+--------+--------+-----+--------+

Top non-repeatable levels by time:
     D:6: 1420 daAuts
     D:2: 1128 daAuts
     D:5: 1109 daAuts
     D:3: 994 daAuts
     D:7: 934 daAuts
  Lair:1: 866 daAuts
     D:1: 815 daAuts
     D:4: 746 daAuts
   Sewer: 303 daAuts
     D:8: 197 daAuts
  Temple: 46 daAuts
